 Dungeon Crawl Stone Soup version 0.30-a0-297-g0ec75d9ef4 (webtiles) character file.

Game seed: 9668119974328205593

6101 Morbidden the Spear-Bearer (level 10, -18/78 (84) HPs)
             Began as a Minotaur Fighter on Oct 19, 2022.
             Was an Elder of Okawaru.
             Demolished by a profane servitor
             ... wielding a +2 whip
              (23 damage)
             ... on level 1 of the Abyss.
             The game lasted 00:13:44 (7674 turns).

Morbidden the Spear-Bearer (Minotaur Fighter)       Turns: 7674, Time: 00:13:44

HP:   -18/78 (84)   AC: 15    Str: 20 (21) XL:     10   Next: 58%
MP:   13/13         EV:  7    Int:  5 (7)  God:    Okawaru [****..]
Gold: 574           SH: 11    Dex:  8 (10) Spells: 10/14 levels left

rFire   . . .      SeeInvis .    a - +3 trident
rCold   . . .      Faith    .    c - +1 buckler
rNeg    . . .      Spirit   .    G - +0 plate armour
rPois   .          Reflect  +    p - +1 hat
rElec   .          Harm     .    (no cloak)
rCorr   +          Rampage  .    (no gloves)
Will    .....                    y - +0 pair of boots
Stlth   ..........               e - amulet of reflection
HPRegen 0.33/turn                q - ring of resist corrosion
MPRegen 0.13/turn                (no ring)

@: brilliant, about to teleport, on berserk cooldown, flying, slowed, wreathed
by umbra, drained, very slow
A: horns 2, retaliatory headbutt, dopey 1
a: Renounce Religion, Heroism, Finesse


You were on level 1 of the Abyss.
You worshipped Okawaru.
Okawaru was greatly pleased with you.
You visited 2 branches of the dungeon, and saw 10 of its levels.
You visited the Abyss 1 time.
You also visited: Ossuary.

You collected 574 gold pieces.

Inventory:

Hand Weapons
 a - a +3 trident (weapon)
 b - a +2 flail of venom
 v - a +0 war axe
 J - a +5 flail
Missiles
 t - 3 poisoned darts
 u - 9 boomerangs (quivered)
Armour
 c - a +1 buckler (worn)
 p - a +1 hat (worn)
 y - a +0 pair of boots (worn)
 G - a +0 plate armour (worn)
Jewellery
 e - an amulet of reflection (around neck)
 q - a ring of resist corrosion (left hand)
 E - a ring of fire
Wands
 C - a wand of flame (17)
 D - a wand of digging (7)
Scrolls
 i - 8 scrolls of identify
 k - 5 scrolls of teleportation
 l - 3 scrolls of butterflies
 o - a scroll of enchant weapon
 r - a scroll of brand weapon
 z - a scroll of vulnerability
 H - 2 scrolls of immolation
Potions
 d - 2 potions of might
 f - 6 potions of curing
 h - 5 potions of lignification
 j - 2 potions of haste
 w - a potion of mutation
 x - 2 potions of flight
 A - a potion of magic
 F - 2 potions of brilliance


   Skills:
 * Level 6.6 Fighting
 * Level 5.7(8.4) Axes
 * Level 9.5(10.2) Polearms
 + Level 0.8 Throwing
 * Level 7.9 Armour
 * Level 5.1 Dodging
 + Level 0.4 Stealth
 * Level 8.5 Shields
 * Level 2.8 Spellcasting
 * Level 2.4 Air Magic
 * Level 4.0 Invocations


You had 10 spell levels left.
You knew the following spells:

 Your Spells              Type           Power      Damage    Failure   Level
a - Airstrike             Air            2%         2d(1-17)  100%        4

Your spell library contained the following spells:

 Spells                   Type           Power      Damage    Failure   Level
 Shock                    Conj/Air       8%         1d3       99%         1
 Slow                     Hex            4%         N/A       100%        1
 Confusing Touch          Hex            1%         N/A       100%        3
 Ignite Poison            Fire/Tmut/Pois 1%         N/A       100%        3
 Swiftness                Air            4%         N/A       100%        3
 Vampiric Draining        Necr           1%         2d6       100%        3
 Sticky Flame             Conj/Fire      1%         2d3       100%        4
 Ignition                 Fire           0%         3d3       100%        8


Dungeon Overview and Level Annotations

Branches:
Dungeon (9/15)             Temple (1/1) D:7            Lair (0/5) D:8
Ossuary (visited)
    Orc: D:9-12

Altars:
Ashenzari
Cheibriados
Dithmenos
Fedhas
Gozag
Kikubaaqudgha
Makhleb
Nemelex Xobeh
Okawaru
Qazlal
Ru
Uskayaw
Xom
Yredelemnul
Zin

Shops:
D:1 :

Annotations:
D:5 3 runed translucent doors, feta's ghost, amateur DrCj
D:8 Joseph
D:9 Psyche


Innate Abilities, Weirdness & Mutations

You have a pair of horns on your head.
You reflexively headbutt those who attack you in melee.
You are dopey. (Int -2)


Message History

Unknown command.
You start resting.
Your extra speed is starting to run out.
Unknown command.
You start resting.
You feel yourself slow down.
A profane servitor comes into view. It is wielding a +2 whip.
The profane servitor is attracted toward you.
Unknown command.
The profane servitor is attracted toward you.
Okay, then.
Okay, then.
As you read the scroll of teleportation, it crumbles to dust.
You feel strangely unstable.
You feel the power of the Abyss delaying your translocation!
You block the profane servitor's attack.
The profane servitor hits you with a +2 whip!
You feel drained.
The profane servitor hits you with a +2 whip!
* * * LOW HITPOINT WARNING * * *
The profane servitor draws strength from your injuries!
The profane servitor hits you with a +2 whip!
* * * LOW HITPOINT WARNING * * *
You feel drained.
You feel less attractive to monsters.
Unknown command.
Unknown command.
Unknown command.
Unknown command.
Unknown command.
You feel better.
The profane servitor hits you but does no damage.
The profane servitor hits you with a +2 whip!
* * * LOW HITPOINT WARNING * * *
You feel drained.
The profane servitor hits you with a +2 whip!
* * * LOW HITPOINT WARNING * * *
The profane servitor draws strength from your injuries!
You block the profane servitor's attack.
The profane servitor hits you with a +2 whip!!
You die...

§. .... #.. ...
#.. ..# ##.#
##.## .
##...###...## ..
.#....§#.....#...
.................
. ....#A....#. .
. ##@..## ##.
##.## #.. ..# # .
...# . ..... .#.
...#.. ..###..
.## #.


You could see a profane servitor.

Vanquished Creatures
  A tentacled starspawn (Abyss:1)
  Prince Ribbit (D:9)
  A shadow (D:8)
  A wraith (D:9)
  Eustachio (D:6)
  A wyvern (D:7)
  A neqoxec (Abyss:1)
  A steam dragon (D:8)
  Grum (D:8)
  Menkaure (D:7)
  Edmund (D:6)
  2 orc warriors
  2 ice beasts (D:6)
  2 black bears
  A sky beast (D:8)
  3 wolves (D:8)
  An ogre (D:4)
  3 phantoms
  3 centaurs
  An elf zombie (Ossuary)
  Blork the orc (D:6)
  3 bullfrogs
  2 necrophages (D:5)
  A scorpion (D:4)
  8 wights
  2 howler monkeys (D:7)
  5 hounds
  4 orc priests
  A gnoll bouda (D:7)
  8 jellies
  Terence (D:2)
  3 iguanas
  5 orc wizards
  A hound zombie (Ossuary)
  4 mummies (Ossuary)
  11 gnolls
  7 adders
  3 shadow imps
  2 white imps
  3 ufetubi
  4 adder zombies (Ossuary)
  4 worms
  3 dart slugs
  15 orcs
  7 endoplasms
  2 giant cockroaches
  5 goblins
  6 hobgoblins
  8 jackals
  3 kobolds (D:1)
  6 quokkas
  10 ball pythons
  4 bats
  4 frilled lizards
  3 goblin zombies
  3 hobgoblin zombies (Ossuary)
  A kobold zombie (Ossuary)
  A quokka zombie (D:8)
  7 rats
  A spectral orc (D:4)
201 creatures vanquished.

Vanquished Creatures (others)
  5 plants (D:3)
  2 starspawn tentacles (Abyss:1)
7 creatures vanquished.

Grand Total: 208 creatures vanquished

Notes
Turn   | Place    | Note
-------+----------+-------------------------------------------
     0 | D:1      | Morbidden the Minotaur Fighter began the quest for the Orb.
     0 | D:1      | Reached XP level 1. HP: 19/19 MP: 0/0
   181 | D:1      | Found Acus's Book Emporium.
   216 | D:1      | Reached XP level 2. HP: 27/27 MP: 1/1
   459 | D:1      | You fall into a shaft and drop 1 floor!
   520 | D:2      | Reached XP level 3. HP: 33/33 MP: 2/2
   574 | D:2      | Reached skill level 3 in Polearms
   768 | D:2      | Reached skill level 1 in Axes
   783 | D:2      | Found a shadowy altar of Dithmenos.
   862 | D:2      | Noticed Terence
   880 | D:2      | Killed Terence
   881 | D:2      | Reached XP level 4. HP: 25/40 MP: 3/3
  1735 | D:3      | Found an ancient bone altar of Kikubaaqudgha.
  1776 | D:3      | Reached skill level 4 in Polearms
  1873 | D:3      | Found an iron altar of Okawaru.
  2184 | D:3      | Became a worshipper of Warmaster Okawaru
  2247 | D:3      | Found a snail-covered altar of Cheibriados.
  2268 | D:3      | Reached skill level 1 in Dodging
  2422 | D:4      | Reached XP level 5. HP: 41/46 MP: 4/4
  2456 | D:4      | Noticed a phantom
  2462 | D:4      | Killed a phantom
  2515 | D:4      | Reached XP level 6. HP: 49/52 MP: 6/6
  2539 | D:4      | Reached * piety under Okawaru
  2580 | D:4      | Reached skill level 5 in Polearms
  2580 | D:4      | Reached skill level 1 in Spellcasting
  2580 | D:4      | Reached skill level 1 in Invocations
  2637 | D:4      | Reached skill level 5 in Armour
  2647 | D:4      | Reached XP level 7. HP: 24/60 MP: 7/7
  2841 | D:4      | Found a basalt altar of Yredelemnul.
  2922 | D:4      | Found a broken altar of Ashenzari.
  2933 | D:4      | Reached skill level 5 in Shields
  2939 | D:4      | Found a stormy altar of Qazlal.
  3270 | D:4      | Learned a level 4 spell: Airstrike
  3325 | D:5      | Entered Level 5 of the Dungeon
  3415 | D:5      | Reached ** piety under Okawaru
  3839 | D:5      | Found a shadowy altar of Dithmenos.
  3853 | D:5      | Found a runed translucent gate.
  3853 | D:5      | Found a runed translucent gate.
  3853 | D:5      | Found a runed translucent gate.
  3853 | D:5      | Noticed feta's ghost (amateur DrCj)
  4044 | D:5      | Reached skill level 6 in Polearms
  4044 | D:5      | Reached XP level 8. HP: 65/67 MP: 9/9
  4403 | D:6      | Noticed Edmund
  4420 | D:6      | Killed Edmund
  4421 | D:6      | Reached skill level 5 in Fighting
  4433 | D:6      | Reached *** piety under Okawaru
  4434 | D:6      | Reached skill level 7 in Polearms
  4655 | D:6      | Found a shimmering altar of Xom.
  4789 | D:6      | Found a sparkling altar of Nemelex Xobeh.
  4970 | D:6      | Reached skill level 1 in Air Magic
  5040 | D:6      | Noticed Eustachio
  5075 | D:6      | Killed Eustachio
  5151 | D:6      | Found an opulent altar of Gozag.
  5151 | D:6      | Noticed Blork the orc
  5152 | D:6      | Found a glowing silver altar of Zin.
  5164 | D:6      | Killed Blork the orc
  5165 | D:6      | Reached XP level 9. HP: 67/74 MP: 10/10
  5225 | D:7      | Noticed Menkaure
  5231 | D:7      | Killed Menkaure
  5531 | D:7      | Reached skill level 8 in Polearms
  5682 | D:7      | Reached **** piety under Okawaru
  5973 | D:7      | Found a staircase to the Ecumenical Temple.
  6251 | D:7      | Found a sacrificial altar of Ru.
  6347 | Temple   | Entered the Ecumenical Temple
  6372 | D:8      | Noticed Joseph
  6382 | D:8      | Found a burning altar of Makhleb.
  6454 | D:8      | Found a staircase to the Lair.
  6565 | D:8      | Noticed Grum
  6579 | D:8      | Reached skill level 9 in Polearms
  6579 | D:8      | Reached XP level 10. HP: 29/83 MP: 12/12
  6588 | D:8      | Killed Grum
  6621 | D:8      | Found a sand-covered staircase.
  6634 | Ossuary  | Entered an ossuary
  7128 | D:8      | Noticed Prince Ribbit
  7182 | D:9      | Killed Prince Ribbit
  7183 | D:9      | Reached skill level 5 in Axes
  7561 | D:9      | Noticed Psyche
  7567 | Abyss:1  | Cast into level 1 of the Abyss (Psyche)
  7592 | Abyss:1  | Noticed a wretched star
  7607 | Abyss:1  | Noticed a tentacled starspawn
  7623 | Abyss:1  | Killed a tentacled starspawn
  7624 | Abyss:1  | Reached skill level 5 in Dodging
  7641 | Abyss:1  | Gained mutation: You are dopey. (Int -2) [potion of
                  | mutation]
  7671 | Abyss:1  | Noticed a profane servitor
  7674 | Abyss:1  | Demolished by a profane servitor

Illustrated notes

Levels and vault maps discovered:
D:1:      spicycebolla_green_bress_n_ham, layout_basic, serial_shops,
          nicolae_shop_behind_doors
D:2:      layout_basic, basic_altar, uniq_terence
D:3:      layout_loops_ring, general_overflow_altar, okawaru_gym_becter,
          mainiacjoe_overflow_cross_hatched, minmay_shallow_snake_nest
D:4:      layout_loops_ring, yredelemnul_forgotten_temple_becter,
          gammafunk_temple_overflow_pools, mrwooster_statue_mirror
D:5:      layout_cave_pools, grunt_dithmenos_smoke,
          gammafunk_ghost_nasty_kobolds, hangedman_abyss_or_decor_passed,
          minmay_fractal_squares_gapless_5
D:6:      layout_loops_ring, grunt_temple_overflow_gold_and_silver,
          nemelex_diamond_rough_becter, xom_butterflies, uniq_blork_the_orc,
          uniq_eustachio, uniq_edmund
D:7:      layout_basic, mainiacjoe_overflow_24_doors, minmay_temple_entry_grid,
          uniq_menkaure
D:8:      layout_cave_pools, lemuel_coloured_pillars_altar,
          nicolae_hepliaklqana_monster_ancestors, enter_ossuary_4, uniq_grum,
          uniq_joseph, uniq_prince_ribbit1
D:9:      layout_rooms, nicolae_sif_muna_little_library, uniq_psyche
Temple:   hellmonk_temple_two_chambers
Abyss:1:  base:
D:7

Skill      XL: |  1  2  3  4  5  6  7  8  9 10 |
---------------+-------------------------------+-----
Shields        | 4 6 7 8 |  8.5
Armour         | 4 5 6 7 |  7.9
Polearms       | 3 4 5 6 7 9 |  9.5
Axes           | 1 2 3 4 5 |  5.7
Fighting       | 4 5 6 |  6.6
Dodging        | 1 2 3 4 5 |  5.1
Spellcasting   | 1 2 |  2.8
Invocations    | 1 2 3 4 |  4.0
Air Magic      | 1 2 |  2.4
Throwing       | |  0.8
Stealth        | |  0.4

Action                   |  1- 3 |  4- 6 |  7- 9 | 10-12 || total
-------------------------+-------+-------+-------+-------++-------
Melee: Trident           |   108 |   136 |   439 |    84 ||   767
       Headbutt          |    12 |    17 |    69 |    23 ||   121
       Flail             |       |       |     2 |     2 ||     4
       War axe           |       |       |       |    26 ||    26
Throw: Boomerang         |       |       |     8 |    14 ||    22
Invok: Heroism           |       |       |     7 |     4 ||    11
       Finesse           |       |       |       |     1 ||     1
  Use: Potion            |       |       |     4 |    11 ||    15
       Scroll            |       |       |    15 |     2 ||    17
Armor: Scale mail        |    28 |       |       |       ||    28
       Chain mail        |       |    53 |   120 |    16 ||   189
       Plate armour      |       |       |       |    20 ||    20
       Skin              |       |       |       |    13 ||    13
Dodge: Dodged            |    35 |    19 |   111 |    22 ||   187
Block: Buckler           |    47 |    52 |   190 |    54 ||   343
       Reflection        |     1 |     2 |     3 |     1 ||     7

Table legend: (Time is in decaauts)
 A = Elapsed time spent in this place.
 B = Non-inter-level travel time spent in this place.
 C = Inter-level travel time spent in this place.
 D = Time resting spent in this place.
 E = Time spent auto-exploring this place.
 F = Levels seen in this place.
 G = Mean time per level.
                   A        B        C        D        E       F      G
               +--------+--------+--------+--------+--------+-----+--------+
         Total |   7647 |   7303 |    344 |    306 |   5329 |  12 |  637.2 |
       Dungeon |   7231 |   6887 |    344 |    261 |   5093 |   9 |  803.4 |
        Temple |      1 |      1 |      0 |      0 |      0 |   1 |    1.0 |
         Abyss |    102 |    102 |      0 |     44 |      0 |   1 |  102.0 |
       Ossuary |    311 |    311 |      0 |      0 |    236 |   1 |  311.0 |
               +--------+--------+--------+--------+--------+-----+--------+

Top non-repeatable levels by time:
     D:7: 1121 daAuts
     D:4: 1002 daAuts
     D:5: 990 daAuts
     D:6: 900 daAuts
     D:3: 880 daAuts
     D:2: 837 daAuts
     D:1: 638 daAuts
     D:8: 466 daAuts
     D:9: 393 daAuts
 Ossuary: 311 daAuts
 Abyss:1: 102 daAuts
  Temple: 1 daAuts
